 Dungeon Crawl Stone Soup version 0.23-a0-121-g4413648 (webtiles) character file.

149071 Amnesiac the Zephyrmancer (level 16, -4/120 HPs)
             Began as a Mummy Air Elementalist on Aug 26, 2018.
             Was the Champion of Vehumet.
             Killed from afar by a deep elf annihilator (8 damage)
             ... with a poison arrow
             ... on level 3 of the Elven Halls.
             The game lasted 01:15:41 (40348 turns).

Amnesiac the Zephyrmancer (Mummy Air Elementalist) Turns: 40348, Time: 01:15:42

Health: -4/120     AC: 18    Str: 14    XL:     16   Next: 95%
Magic:  11/32      EV: 17    Int: 31    God:    Vehumet [******]
Gold:   2912       SH:  8    Dex: 13    Spells: 9/39 levels left

rFire    . . .     SeeInvis .   a - staff of air
rCold    + . .     Gourm    .   t - +3 buckler {AC+3}
rNeg     + + +     Faith    +   H - +2 robe {rF+}
rPois    ∞         Spirit   .   v - +1 hat "Kaihefei" {Str+3 Int+5}
rElec    +         Reflect  .   r - +0 cloak
rCorr    .         Harm     .   d - +2 pair of gloves
MR       ++...                  m - +0 pair of boots {Fly}
Stlth    ++........             M - amulet of faith
HPRegen  0.30/turn              B - ring of Moodiness {+Fly Int+5}
MPRegen  0.23/turn              p - +5 ring of protection

@: studying Charms
A: no food or potions, fire vulnerability, cold resistance 1, negative energy
resistance 3, torment resistance, unbreathing, in touch with death 1
a: Renounce Religion, Evoke Flight


You were on level 3 of the Elven Halls.
You worshipped Vehumet.
Vehumet was exalted by your worship.
You were not hungry.

You visited 4 branches of the dungeon, and saw 26 of its levels.
You also visited: Ice Cave.

You collected 3234 gold pieces.
You spent 322 gold pieces at shops.

Inventory:

Armour
 d - a +2 pair of gloves (worn)
 m - a +0 pair of boots of flying (worn)
 r - a +0 cloak (worn)
 t - a +3 buckler of protection (worn)
 v - the +1 hat "Kaihefei" (worn) {Str+3 Int+5}
   (You found it on level 1 of the Elven Halls)

   It affects your strength (+3).
   It affects your intelligence (+5).
 H - a +2 robe of fire resistance (worn)
Magical Staves
 a - an uncursed staff of air (weapon)
 b - an uncursed staff of energy
Jewellery
 h - an uncursed amulet of magic regeneration
 p - a +5 ring of protection (right hand)
 q - an uncursed ring of protection from fire
 B - the ring of Moodiness (left hand) {+Fly Int+5}
   (You found it on level 3 of the Lair of Beasts)

   [ring of intelligence]

   It affects your intelligence (+5).
   It lets you fly.
 I - an uncursed ring of protection from fire
 J - an uncursed ring of see invisible
 M - an amulet of faith (around neck)
Wands
 i - a wand of scattershot (2)
 k - a wand of random effects (43)
 o - a wand of disintegration (11)
 z - a wand of flame (79)
 C - a wand of iceblast (7)
 D - a wand of digging (20)
 F - a wand of enslavement (7)
 K - a wand of paralysis (31)
Scrolls
 c - 5 scrolls of fear {!r}
 e - 11 scrolls of remove curse {!r}
 f - 2 scrolls of fog {!r}
 g - 6 scrolls of enchant weapon {!r}
 j - 7 scrolls of teleportation {!r}
 l - a scroll of magic mapping {!r}
 n - 3 scrolls of amnesia {!r}
 s - 2 scrolls of summoning {!r}
 u - 10 scrolls of identify {!r}
 x - 2 scrolls of enchant armour {!r}
 A - 2 scrolls of brand weapon {!r}
 G - 2 scrolls of vulnerability {!r}
Potions
 w - 7 potions of mutation {!q}
Books
 y - a manual of Charms


   Skills:
 - Level 9.0 Fighting
 - Level 12.0 Staves
 - Level 9.0 Dodging
 - Level 1.5 Stealth
 - Level 4.1 Shields
 + Level 12.4 Spellcasting
 * Level 12.4 Conjurations
 * Level 12.4 Air Magic
 - Level 6.0 Evocations


You had 9 spell levels left.
You knew the following spells:

 Your Spells              Type           Power        Failure   Level  Hunger
a - Orb of Destruction    Conj           #######...   3%          7    N/A
b - Passwall              Tmut/Erth      ###.....     3%          2    N/A
c - Shock                 Conj/Air       ####         0%          1    N/A
d - Airstrike             Air            #######...   1%          4    N/A
e - Lightning Bolt        Conj/Air       #######...   1%          5    N/A
f - Mephitic Cloud        Conj/Pois/Air  #######.     1%          3    N/A
s - Conjure Ball Lightni  Conj/Air       #######...   1%          6    N/A
z - Swiftness             Chrm/Air       ######..     1%          2    N/A

Your spell library contained the following spells:

 Spells                   Type           Power        Failure   Level  Hunger
 Flame Tongue             Conj/Fire      #####        1%          1    N/A
 Sandblast                Erth           ###...       1%          1    N/A
 Sting                    Conj/Pois      ####         1%          1    N/A
 Poisonous Vapours        Pois/Air       ######       1%          2    N/A
 Throw Flame              Conj/Fire      ######       1%          2    N/A
 Conjure Flame            Conj/Fire      ######..     1%          3    N/A
 Static Discharge         Conj/Air       #######.     1%          3    N/A
 Stone Arrow              Conj/Erth      ######       1%          3    N/A
 Sticky Flame             Conj/Fire      ######..     1%          4    N/A
 Bolt of Draining         Conj/Necr      ######....   1%          5    N/A
 Fireball                 Conj/Fire      ######....   1%          5    N/A
 Venom Bolt               Conj/Pois      ######....   1%          5    N/A
 Confusing Touch          Hex            ###...       2%          1    N/A
 Inner Flame              Hex/Fire       ###.....     2%          3    N/A
 Corpse Rot               Necr           N/A          3%          2    N/A
 Freezing Cloud           Conj/Ice/Air   #######...   3%          6    N/A
 Olgreb's Toxic Radiance  Pois           ###.....     7%          4    N/A
 Bolt of Cold             Conj/Ice       ######....   9%          6    N/A
 Lee's Rapid Deconstruct  Erth           ###.......   17%         5    N/A
 Petrify                  Tmut/Erth      ###.....     26%         4    N/A
 Agony                    Necr           ####....     56%         5    N/A
 Dispel Undead            Necr           ####....     56%         5    N/A
 Excruciating Wounds      Chrm/Necr      ####......   56%         5    N/A
 Metabolic Englaciation   Hex/Ice        ###.......   56%         5    N/A
 Ozocubu's Refrigeration  Ice            ###.......   65%         6    N/A
 Simulacrum               Ice/Necr       ####......   98%         6    N/A
 Sublimation of Blood     Necr           Unusable     N/A         2    N/A
 Ice Form                 Ice/Tmut       Unusable     N/A         4    N/A

Dungeon Overview and Level Annotations

Branches:
Dungeon (15/15)            Temple (0/1) D:6            Lair (6/6) D:10
 Shoals (0/4) Lair:3        Snake (0/4) Lair:3        Slime (0/5) Lair:6
    Orc (2/2) D:11            Elf (3/3) Orc:2        Vaults (0/5) D:13
 Depths (0/5) D:15

Altars:
Dithmenos
Elyvilon
Fedhas
Nemelex Xobeh
Okawaru
Ru
Sif Muna
Trog
Uskayaw
Vehumet
Wu Jian
Xom
Zin
Beogh
Jiyva

Shops:
D:6 %   D:11 :([   D:12 (   Orc:2 [[!}

Annotations:
D:6 dig 1k exp
Elf:3 exclusion: deep elf elementalist


Innate Abilities, Weirdness & Mutations

You do not eat or drink.
Your flesh is vulnerable to fire.
You are immune to poison.
Your flesh is cold resistant. (rC+)
You are immune to negative energy. (rN+++)
You are immune to unholy pain and torment.
You can survive without breathing.
You are in touch with the powers of death.


Message History

The bolt of lightning misses the deep elf sorcerer. x2
You hear a shout! x2
You block the deep elf sorcerer's attack.
The deep elf sorcerer shouts, "You can't withstand my power!"
The deep elf sorcerer hits you but does no damage.
Casting: Lightning Bolt (safe; 1% risk of failure)
Confirm with . or Enter, or press ? or * to list all spells.
You don't have enough magic to cast that spell.
Firing (i - inventory) No suitable missiles.
Press: ? - help, Shift-Dir - straight line, f/p - deep elf sorcerer
Aim: a deep elf sorcerer, wielding a short sword and wearing a ring mail (black smoke, moderately wounded, fast)
Okay, then.
Evoke which item? (* to show all) (? for menu, Esc to quit)
Aiming: Scattershot
Press: ? - help, Shift-Dir - straight line, f/p - deep elf sorcerer
Aim: a deep elf sorcerer, wielding a short sword and wearing a ring mail (black smoke, moderately wounded, fast)
The burst of metal fragments hits the deep elf sorcerer. x4
You kill the deep elf sorcerer!
Vehumet accepts your kill.
You feel your power returning.
There is an open door here.
The deep elf sorcerer is too close now for your liking.
A deep elf sorcerer is nearby!
A deep elf sorcerer is nearby!
A deep elf sorcerer is nearby!
Really read
f - 3 scrolls of fog {!r}?
As you read the scroll of fog {!r}, it crumbles to dust.
The scroll dissolves into smoke.
You open the door.
Casting: Lightning Bolt (safe; 1% risk of failure)
Confirm with . or Enter, or press ? or * to list all spells.
Aiming: Orb of Destruction (slightly dangerous; 4% risk of failure)
Press: ? - help, Shift-Dir - straight line, f - deep elf sorcerer
Aim: a deep elf sorcerer, wielding a long sword and wearing a chain mail (blue smoke)
The deep elf sorcerer casts a spell at you.
The sphere of damnation explodes!
The damnation engulfs you!
* * * LOW HITPOINT WARNING * * *
The wavering orb of destruction hits the deep elf sorcerer.
The deep elf sorcerer is severely wounded.
There is an open door here.
A deep elf mage comes into view. It is wielding a rapier.
Evoke which item? (* to show all) (? for menu, Esc to quit)
Aiming: Scattershot
Press: ? - help, Shift-Dir - straight line, f/p - deep elf sorcerer
Aim: a deep elf sorcerer, wielding a long sword and wearing a chain mail (severely wounded)
The burst of metal fragments hits the deep elf sorcerer. x3
The deep elf sorcerer is severely wounded.
Evoke which item? (* to show all) (? for menu, Esc to quit)
Aiming: Scattershot
Press: ? - help, Shift-Dir - straight line, f/p - deep elf sorcerer
Aim: a deep elf sorcerer, wielding a long sword and wearing a chain mail (severely wounded)
The burst of metal fragments hits the deep elf sorcerer. x6
You kill the deep elf sorcerer!
Vehumet accepts your kill.
You feel your power returning.
There is an open door here.
Things that are here:
a long sword; a chain mail
Okay, then.
The deep elf mage casts a spell.
The deep elf mage blinks!
The deep elf annihilator points at you and mumbles some strange words.
The poison arrow hits you! You partially resist.
You die...

################################
#§.§§...........................
##§§§§...§......@................
.#§.##'#######)################'#
.#§§#§.§§§§§e....................
.#§*#....§§§§....................
.#§§#...§§§§§....................
.#§§#...###############+######'##
.#..#...# .............
)e..#...#... .............
##..#...#..#+##### ######'#####


You could see a deep elf annihilator.

Vanquished Creatures
  Saint Roka (Elf:3)
  A tentacled monstrosity (Elf:1)
  A deep elf blademaster (Elf:2)
  Kirke (Lair:6)
  The ghost of Scuka the Bludgeoner, an adept GrFi of Okawaru (Orc:1)
  2 cacodemons
  3 deep elf sorcerers
  2 stone giants (Orc:2)
  The ghost of Dudiycywn the Unseen, a journeyman HaGl of Dithmenos (Lair:5)
  Azrael (D:12)
  A deep elf annihilator (Elf:1)
  3 ettins
  The ghost of eyesofgods1 the Cleaver, a journeyman FoFi of Qazlal (Lair:1)
  A deep elf death mage (Elf:3)
  2 deep elf high priests
  4 vault guards (D:13)
  3 ice dragons
  6 hydras
  Erolcha (D:12)
  3 centaur warriors
  12 two-headed ogres
  18 dancing weapons
  2 ogre magi
  A tengu warrior (D:15)
  An orc high priest (Orc:1)
  11 deep elf knights
  5 unseen horrors
  A skeletal warrior (D:13)
  Sonja (Lair:2)
  2 deep trolls (shapeshifter)
  2 deep trolls (Orc:2)
  A harpy (shapeshifter) (Elf:1)
  3 deep elf archers
  39 deep elf magi
  2 orc knights
  6 lindwurms
  6 ugly things
  2 cyclopes
  A moth of wrath (D:2)
  4 orc sorcerers
  A manticore (Lair:3)
  8 large abominations (Elf:1)
  6 elephants (Lair:5)
  A guardian serpent (Lair:3)
  2 ice statues (IceCv)
  A guardian serpent (shapeshifter) (D:13)
  7 torpor snails
  Joseph (D:10)
  13 spiny frogs
  2 gargoyles
  7 black mambas
  4 rime drakes
  A komodo dragon (Lair:1)
  3 tengu conjurers
  2 polar bears
  12 trolls
  4 tyrant leeches (Lair:6)
  8 hornets
  3 meliai (D:11)
  10 blink frogs
  3 dream sheep (Lair:4)
  A raiju (shapeshifter) (Elf:3)
  3 slime creatures (D:13)
  7 hippogriffs
  4 air elementals
  2 wraiths
  2 shadows
  16 yaks
  A vampire (D:10)
  A spriggan (D:10)
  3 wyverns
  A water elemental (Elf:3)
  2 hogs (Lair:6)
  8 fire elementals
  2 hungry ghosts
  Eustachio (D:6)
  A spectral komodo dragon (Lair:5)
  3 basilisks
  3 spectral spiny frogs (Lair:5)
  2 vampire mosquitoes (D:13)
  A soldier ant (D:13)
  A hydra simulacrum (Lair:5)
  3 wargs
  4 water moccasins
  2 hell hounds (D:12)
  9 porcupines
  A swamp drake (shapeshifter) (Elf:1)
  19 ice beasts
  26 orc warriors
  2 phantoms
  4 sky beasts
  3 black bears
  A black bear (shapeshifter) (Elf:1)
  28 ogres
  6 necrophages
  7 wolves
  2 eyes of draining
  4 centaurs
  A centaur (shapeshifter) (D:13)
  12 crocodiles
  3 big kobolds
  13 bullfrogs
  3 earth elementals
  A wyvern zombie (D:9)
  2 scorpions
  12 killer bees
  5 wights
  8 howler monkeys
  2 electric eels
  6 crimson imps
  2 bullfrog zombies
  4 centaur zombies
  2 quasits
  9 hounds
  3 centaur skeletons
  4 jellies
  10 orc priests
  A bullfrog skeleton (D:7)
  A gnoll shaman (D:6)
  18 orc wizards
  4 iguanas
  10 worker ants
  2 hound zombies
  6 gnolls (D:6)
  14 adders
  6 shadow imps
  An ooze (D:3)
  3 adder zombies
  2 adder skeletons
  5 worms
  A dart slug (shapeshifter) (Elf:1)
  2 dart slugs
  9 leopard geckos
  66 orcs
  An orc (shapeshifter) (Elf:1)
  2 ball pythons
  2 bats
  9 giant cockroaches
  9 goblins
  11 hobgoblins
  25 jackals
  21 kobolds
  3 quokkas
  5 frilled lizards
  A jackal skeleton (D:7)
  A leopard gecko skeleton (D:5)
  A quokka zombie (D:6)
  10 rats
  A plant (Lair:6)
799 creatures vanquished.

Vanquished Creatures (others)
  13 ball lightnings (Elf:3)
  A jelly (shapeshifter) (Elf:1)
  A goblin (shapeshifter) (Elf:1)
  3 bushes
  12 fungi
  31 plants
61 creatures vanquished.

Grand Total: 860 creatures vanquished

Notes
Turn   | Place    | Note
-------+----------+-------------------------------------------
     0 | D:1      | Amnesiac the Mummy Air Elementalist began the quest for the Orb.
     0 | D:1      | Reached XP level 1. HP: 13/13 MP: 4/4
   212 | D:1      | Reached XP level 2. HP: 19/19 MP: 0/5
   216 | D:1      | Learned a level 2 spell: Swiftness
   669 | D:3      | Reached XP level 3. HP: 5/24 MP: 0/7
   981 | D:4      | Noticed an ogre
  1257 | D:3      | Found an ornate altar of the Wu Jian Council.
  1345 | D:5      | Entered Level 5 of the Dungeon
  1420 | D:5      | Reached XP level 4. HP: 30/30 MP: 4/9
  1424 | D:5      | Found a runed door.
  1430 | D:5      | Learned a level 4 spell: Airstrike
  1573 | D:5      | Reached XP level 5. HP: 26/35 MP: 1/11
  1773 | D:5      | Found a radiant altar of Vehumet.
  1779 | D:5      | Became a worshipper of Vehumet
  2110 | D:4      | Killed an ogre
  2110 | D:4      | Reached skill level 5 in Spellcasting
  2110 | D:4      | Reached skill level 5 in Air Magic
  2110 | D:4      | Reached XP level 6. HP: 30/41 MP: 9/13
  3188 | D:2      | Reached * piety under Vehumet
  3188 | D:2      | Offered knowledge of Magic Dart by Vehumet.
  3664 | D:2      | Noticed a moth of wrath
  3667 | D:2      | Found a bloodstained altar of Trog.
  3819 | D:2      | Killed a moth of wrath
  3819 | D:2      | Reached XP level 7. HP: 46/46 MP: 5/16
  4296 | D:3      | Learned a level 5 spell: Lightning Bolt
  4439 | D:3      | Reached ** piety under Vehumet
  4439 | D:3      | Offered knowledge of Sandblast by Vehumet.
  5747 | D:5      | Found a runed door.
  5920 | D:5      | Reached XP level 8. HP: 52/52 MP: 11/18
  6145 | D:6      | Found a white marble altar of Elyvilon.
  6176 | D:6      | Offered knowledge of Dazzling Spray by Vehumet.
  6214 | D:6      | Identified a scroll of acquirement {!r}
  6324 | D:6      | Found Jenus's Food Shop.
  6416 | D:6      | Got a creamy pearl robe
  6427 | D:6      | Identified the +1 robe of Dice, Bag, and Bottle {rC- Str+4 Int+2} (You found it on level 6 of the Dungeon)
  6667 | D:6      | Noticed a dagger
  6668 | D:6      | Found a hide-covered altar of Uskayaw.
  6668 | D:6      | Noticed a hand axe
  6682 | D:6      | Found a staircase to the Ecumenical Temple.
  6816 | D:6      | Reached skill level 1 in Conjurations
  6901 | D:6      | Noticed Eustachio
  6908 | D:6      | Killed Eustachio
  7120 | D:6      | Reached XP level 9. HP: 24/57 MP: 7/21
  7262 | D:6      | Found a deep blue altar of Sif Muna.
  7270 | D:6      | Reached *** piety under Vehumet
  7492 | D:6      | Got an ancient falchion
  7493 | D:6      | Identified the +8 falchion of Dismay {freeze, *Noise Str+8 Dex+2 Stlth+} (You found it on level 6 of the Dungeon)
  7990 | D:7      | Reached skill level 5 in Conjurations
  8126 | D:7      | Found a transporter.
  8132 | D:7      | Offered knowledge of Force Lance by Vehumet.
  8132 | D:7      | Noticed a deep elf mage
  8138 | D:7      | Found a transporter.
  8227 | D:7      | Found a sparkling altar of Nemelex Xobeh.
  8335 | D:7      | Found an iron altar of Okawaru.
  8592 | D:7      | Noticed a rust devil
  8681 | D:7      | Killed a deep elf mage
  8703 | D:7      | Learned a level 3 spell: Mephitic Cloud
  9018 | D:8      | Killed an unseen horror
  9018 | D:8      | Reached XP level 10. HP: 43/63 MP: 11/22
  9124 | D:8      | Found a shadowy altar of Dithmenos.
  9128 | D:8      | Reached skill level 1 in Shields
  9330 | D:8      | Found a glowing silver altar of Zin.
  9396 | D:8      | Reached **** piety under Vehumet
  9520 | D:8      | Found a glowing silver altar of Zin.
 10134 | D:9      | Found a shimmering altar of Xom.
 10209 | D:9      | Found a deep blue altar of Sif Muna.
 10289 | D:9      | Found a sacrificial altar of Ru.
 10449 | D:9      | Offered knowledge of Iskenderun's Battlesphere by Vehumet.
 10500 | D:9      | Found a blossoming altar of Fedhas.
 11156 | D:10     | Entered Level 10 of the Dungeon
 11156 | D:10     | Noticed a gargoyle
 11185 | D:10     | Noticed Joseph
 11249 | D:10     | Killed a gargoyle
 11633 | D:10     | Killed an unseen horror
 12176 | D:10     | Found a staircase to the Lair.
 12221 | D:10     | Found a shadowy altar of Dithmenos.
 12425 | D:10     | Reached XP level 11. HP: 54/68 MP: 14/23
 12582 | D:10     | Killed Joseph
 12873 | D:10     | Reached ***** piety under Vehumet
 12873 | D:10     | Offered knowledge of Orb of Destruction by Vehumet.
 12948 | D:10     | Learned a level 7 spell: Orb of Destruction
 13241 | D:11     | Found Nupsiss's Book Boutique.
 13910 | D:11     | Found Ysmovvao's Armour Emporium.
 13912 | D:11     | Found a staircase to the Orcish Mines.
 13914 | D:11     | Found Idoeri's Weapon Emporium.
 13927 | D:11     | Bought a +2 buckler of protection for 322 gold pieces
 14259 | D:11     | Reached skill level 10 in Conjurations
 14430 | D:11     | Noticed a two-headed ogre
 14436 | D:11     | Killed a two-headed ogre
 14436 | D:11     | Reached skill level 10 in Spellcasting
 14624 | D:11     | Noticed a four-headed hydra
 14628 | D:11     | Killed a four-headed hydra
 14733 | Orc:1    | Entered Level 1 of the Orcish Mines
 14735 | Orc:1    | Noticed an orc knight
 14901 | Lair:1   | Identified a paperback manual
 14901 | Lair:1   | Entered Level 1 of the Lair of Beasts
 15176 | Lair:1   | Found a runed gate.
 15176 | Lair:1   | Found a runed gate.
 15176 | Lair:1   | Found a runed gate.
 15176 | Lair:1   | Noticed eyesofgods1's ghost (journeyman FoFi)
 15176 | Lair:1   | Noticed a ten-headed hydra
 15834 | Lair:1   | Killed eyesofgods1's ghost
 15834 | Lair:1   | Killed a ten-headed hydra
 15834 | Lair:1   | Reached XP level 12. HP: 74/74 MP: 21/27
 15866 | Lair:1   | Got a fine scimitar
 16288 | Lair:2   | Noticed Sonja
 16290 | Lair:2   | Killed Sonja
 17179 | Lair:3   | Got a pitted steel ring
 17181 | Lair:3   | Identified the ring of Moodiness {+Fly Int+5} (You found it on level 3 of the Lair of Beasts)
 17827 | Lair:3   | Found a staircase to the Shoals.
 17847 | Lair:3   | Found a staircase to the Snake Pit.
 18053 | D:9      | Identified Sif Muna's Compendium of Hexes
 18707 | Lair:4   | Reached skill level 10 in Air Magic
 19225 | Lair:4   | Offered knowledge of Bolt of Fire by Vehumet.
 19723 | Lair:4   | Got a crude great sword
 19829 | Lair:5   | Got a fine dagger
 19848 | Lair:5   | Gained mutation: You are in touch with the powers of death. [Mummy growth]
 19848 | Lair:5   | Reached XP level 13. HP: 79/79 MP: 24/29
 19935 | Lair:5   | Identified the +4 dagger "Impbane" {vamp, rElec} (You found it on level 5 of the Lair of Beasts)
 19944 | Lair:5   | Identified the +5 great sword "Ovucru" {slice, rN+} (You found it on level 4 of the Lair of Beasts)
 20769 | Lair:5   | Reached skill level 1 in Evocations
 20909 | Lair:5   | Found a runed gate.
 20909 | Lair:5   | Found a runed gate.
 20909 | Lair:5   | Found a runed gate.
 21115 | Lair:5   | Noticed Dudiycywn's ghost (journeyman HaGl)
 21382 | Lair:5   | Killed Dudiycywn's ghost
 21536 | Lair:6   | Entered Level 6 of the Lair of Beasts
 22163 | Lair:6   | Reached skill level 5 in Evocations
 22271 | Lair:6   | Found a staircase to the Slime Pits.
 22271 | Lair:6   | Found a viscous altar of Jiyva.
 22310 | Lair:6   | Reached skill level 1 in Staves
 22571 | Lair:6   | Found a runed door.
 23326 | Lair:6   | Noticed Kirke
 23336 | Lair:6   | Killed Kirke
 23336 | Lair:6   | Reached skill level 1 in Fighting
 24538 | Orc:1    | Reached XP level 14. HP: 81/90 MP: 11/30
 25608 | Orc:2    | Entered Level 2 of the Orcish Mines
 25608 | Orc:2    | Found a bloodstained altar of Trog.
 25610 | Orc:2    | Noticed a stone giant
 26190 | Orc:2    | Killed a stone giant
 26190 | Orc:2    | Reached skill level 5 in Staves
 26604 | Orc:1    | Reached skill level 5 in Dodging
 27063 | Orc:2    | Noticed a stone giant
 27277 | Orc:2    | Reached ****** piety under Vehumet
 27277 | Orc:2    | Killed a stone giant
 27565 | Orc:2    | Reached skill level 5 in Fighting
 27771 | Orc:2    | Found a staircase to the Elven Halls.
 27839 | Orc:2    | Found Ukugurai's Antique Armour Shop.
 27844 | Orc:2    | Found Wuoplock's Antique Armour Boutique.
 27845 | Orc:2    | Found Miuhu's Distillery.
 27856 | Orc:2    | Found Suotum's Gadget Boutique.
 27883 | Orc:2    | Found a roughly hewn altar of Beogh.
 28108 | Orc:2    | Learned a level 2 spell: Passwall
 28190 | D:12     | Found Loofuirosy's Antique Weapon Shop.
 28242 | D:12     | Offered knowledge of Poison Arrow by Vehumet.
 28296 | D:12     | Found a frozen archway.
 28432 | IceCv    | Entered an ice cave
 29813 | D:12     | Noticed Erolcha
 29817 | D:12     | Killed Erolcha
 29892 | D:12     | Noticed Azrael
 29906 | D:12     | Killed Azrael
 30607 | D:13     | Reached XP level 15. HP: 93/105 MP: 16/31
 30907 | D:13     | Found a gate to the Vaults.
 31339 | D:13     | Offered knowledge of Spellforged Servitor by Vehumet.
 32264 | D:15     | Entered Level 15 of the Dungeon
 32658 | D:15     | Found a staircase to the Depths.
 33686 | Elf:1    | Entered Level 1 of the Elven Halls
 33985 | Elf:1    | Noticed a tentacled monstrosity
 33986 | Elf:1    | Found a runed gate.
 33986 | Elf:1    | Found a runed gate.
 33987 | Elf:1    | Found a runed gate.
 33989 | Elf:1    | Noticed a tentacled monstrosity
 34988 | Elf:1    | Killed a tentacled monstrosity
 35147 | Elf:1    | Found a runed gate.
 35147 | Elf:1    | Found a runed gate.
 35147 | Elf:1    | Noticed Scuka's ghost (adept GrFi)
 35149 | Elf:1    | Found a runed gate.
 35237 | Orc:2    | HP: 2/113 [Scuka's ghost (31)]
 35771 | Orc:1    | Killed Scuka's ghost
 35808 | Orc:2    | Reached XP level 16. HP: 104/120 MP: 1/32
 36086 | Elf:1    | Reached skill level 10 in Staves
 36304 | Elf:1    | Got a distressingly furry hat
 36320 | Elf:1    | Identified the +1 hat "Kaihefei" {Str+3 Int+5} (You found it on level 1 of the Elven Halls)
 36540 | Elf:2    | Offered knowledge of Iron Shot by Vehumet.
 37774 | Elf:2    | Found a huge runed gate.
 37774 | Elf:2    | Found a huge runed gate.
 37774 | Elf:2    | Found a huge runed gate.
 37874 | Elf:2    | Found a huge runed gate.
 37879 | Elf:2    | Found a huge runed gate.
 38640 | Elf:2    | Noticed a deep elf blademaster
 38645 | Elf:2    | Killed a deep elf blademaster
 39327 | Elf:3    | Entered Level 3 of the Elven Halls
 39611 | Elf:3    | Offered knowledge of Conjure Ball Lightning by Vehumet.
 39619 | Elf:3    | Learned a level 6 spell: Conjure Ball Lightning
 39635 | Elf:3    | Noticed Saint Roka
 39661 | Elf:3    | Killed Saint Roka
 40341 | Elf:3    | HP: 2/120 [deep elf sorcerer/damnation (33)]
 40348 | Elf:3    | Killed from afar by a deep elf annihilator

Vault maps used:
D:1:      tarquinn_simple_flora_water_e
D:2:      tgw_trog, serial_corexii_hall, corexii_hall_statues_s,
          corexii_hall_statues_t
D:3:      overflow_temple_1_default
D:5:      lemuel_insect_pit, nicolae_overflow_crystal_walls, first_ration
D:6:      kennysheep_orc_sif_temple, overflow_temple_1_default,
          dancing_weapons_uskayaw, minmay_temple_entry_large_hall, serial_shops,
          nicolae_shop_waterfront, kennysheep_generic_room_13, uniq_eustachio
D:7:      gammafunk_temple_overflow_arena, basic_altar
D:8:      grunt_temple_overflow_open, basic_altar
D:9:      led_sif_book, xom_teletrap_fun, fedhas_altar_decomposition,
          hangedman_ru_absence, serial_glass, glass_columns_a, glass_columns_a,
          lemuel_old_faithful
D:10:     grunt_lair_entry_orc_guard_hut, basic_altar, the_bakery, uniq_joseph
D:11:     orc_david_3, serial_shops, nicolae_shop_stone,
          kennysheep_windowed_goal
D:12:     portal_ice_cave_rime, serial_shops, shop, uniq_erolcha, uniq_azrael
D:13:     lightli_vaults_fourway_checkpoint
D:14:     grunt_decor_mini_mirrors
D:15:     hangedman_depths_entry_civil_slaughter, minmay_misc_feat_chi
Lair:1:   gammafunk_ghost_hydra_chop, infiniplex_staircase_pool
Lair:2:   lemuel_fruit_fields, uniq_sonja
Lair:3:   minmay_shoals_entry_beasts, minmay_snake_entry_spellcaster,
          minivault_25, wad_woods_river_02
Lair:4:   minmay_lindwurm_lava, serial_bayou_shore_b
Lair:5:   gammafunk_ghost_necromancy
Lair:6:   wormcave, slime_altar_1, uniq_kirke
Orc:2:    st_orc_open, hangedman_feature_mirror
Elf:1:    ploomutoo_gammafunk_ghost_potion_laboratory, hangedman_elf_represent
Elf:2:    minmay_crystal_room
Elf:3:    minmay_elf_hall_curves, uniq_saint_roka
IceCv:    ice_cave_small_dragons

Skill      XL: |  1  2  3  4  5  6  7  8  9 10 11 12 13 14 15 16 |
---------------+-------------------------------------------------+-----
Spellcasting   | 3 4 5 6 8 11 12 | 12.4
Air Magic      | 3 4 5 6 8 9 11 12 | 12.4
Conjurations   | 3 8 9 11 12 | 12.4
Shields        | 4 |  4.1
Evocations     | 5 6 |  6.0
Staves         | 4 6 9 12 | 12.0
Fighting       | 2 6 9 |  9.0
Dodging        | 3 7 9 |  9.0
Stealth        | |  1.5

Action                   |  1- 3 |  4- 6 |  7- 9 | 10-12 | 13-15 | 16-18 || total
-------------------------+-------+-------+-------+-------+-------+-------++-------
Melee: Dagger            |    21 |    13 |       |       |       |       ||    34
       Falchion          |       |    16 |       |       |       |       ||    16
       Staff             |       |       |       |    11 |    47 |    27 ||    85
 Cast: Shock             |    41 |   143 |    93 |    36 |     9 |       ||   322
       Airstrike         |       |     7 |   104 |   299 |    56 |    50 ||   516
       Lightning Bolt    |       |       |     4 |    20 |    79 |     5 ||   108
       Mephitic Cloud    |       |       |       |     1 |       |       ||     1
       Orb of Destructio |       |       |       |    46 |   314 |    95 ||   455
       Swiftness         |       |       |       |       |     4 |       ||     4
       Conjure Ball Ligh |       |       |       |       |       |     6 ||     6
       Passwall          |       |       |       |       |       |     1 ||     1
 Abil: Evoke Flight      |       |       |       |     2 |       |       ||     2
       Stop Flying       |       |       |       |       |     1 |       ||     1
Evoke: Wand              |       |       |       |     8 |    11 |     3 ||    22
  Use: Scroll            |     5 |     1 |     7 |     6 |     9 |     4 ||    32
 Stab: Sleeping          |     2 |       |       |       |       |       ||     2
Armor: Robe              |     6 |    27 |    25 |    31 |    51 |    23 ||   163
Dodge: Dodged            |    30 |    47 |    46 |    71 |   128 |    42 ||   364
Block: Buckler           |       |       |       |    31 |    88 |    20 ||   139
       Reflection        |       |       |       |     2 |     6 |       ||     8
       Rpst.: Falchion   |       |     7 |    10 |       |       |       ||    17

Table legend:
 A = Non-vault XP
 B = Vault XP
 C = Vault XP percentage of total XP
 D = Non-vault monster count
 E = Vault monster count
 F = Vault count percentage of total count
                 A         B        C        D         E       F
            +---------+---------+-------+---------+---------+-------
      Total |   95085 |  117874 |  55.4 |     548 |     250 |  31.3
            +---------+---------+-------+---------+---------+-------
        D:1 |      41 |       0 |   0.0 |      22 |       0 |   0.0
        D:2 |      92 |     543 |  85.5 |      24 |       6 |  20.0
        D:3 |      60 |       0 |   0.0 |      19 |       0 |   0.0
        D:4 |     391 |       0 |   0.0 |      17 |       0 |   0.0
        D:5 |     222 |     337 |  60.3 |      18 |      14 |  43.8
        D:6 |     896 |     431 |  32.5 |      25 |       6 |  19.4
        D:7 |    1002 |    1112 |  52.6 |      27 |       6 |  18.2
        D:8 |    1800 |       0 |   0.0 |      20 |       0 |   0.0
        D:9 |     796 |     708 |  47.1 |      16 |       8 |  33.3
       D:10 |    3389 |    1134 |  25.1 |      46 |       6 |  11.5
       D:11 |    5356 |     395 |   6.9 |      42 |       5 |  10.6
       D:12 |    3339 |    4150 |  55.4 |      14 |      11 |  44.0
       D:13 |    5890 |    7678 |  56.6 |      20 |      13 |  39.4
       D:14 |    1966 |     130 |   6.2 |      17 |       1 |   5.6
       D:15 |    8041 |    5098 |  38.8 |      20 |       6 |  23.1
     Lair:1 |    2241 |    2133 |  48.8 |      11 |       2 |  15.4
     Lair:2 |    2221 |     775 |  25.9 |      13 |       1 |   7.1
     Lair:3 |    2338 |    2182 |  48.3 |      12 |       6 |  33.3
     Lair:4 |    4398 |    2528 |  36.5 |      17 |       4 |  19.0
     Lair:5 |    8696 |    2207 |  20.2 |      24 |       6 |  20.0
     Lair:6 |    5784 |    9551 |  62.3 |      21 |      21 |  50.0
      Orc:1 |    4824 |    6296 |  56.6 |      37 |      12 |  24.5
      Orc:2 |    4856 |   14115 |  74.4 |      15 |      27 |  64.3
      Elf:1 |    7202 |   15766 |  68.6 |      15 |      23 |  60.5
      Elf:2 |   14717 |   24944 |  62.9 |      26 |      29 |  52.7
      Elf:3 |    4527 |   10228 |  69.3 |      10 |      17 |  63.0
      IceCv |       0 |    5433 | 100.0 |       0 |      20 | 100.0
            +---------+---------+-------+---------+---------+-------
